[Event "Titled Tuesday Blitz February 21 Early 2023"]
[White "Andrews, Todd"]
[Black "EREBUNI91"]
[WhiteFideId "2012456"]
[WhiteElo "2220"]
[BlackElo "2722"]
[Result "0-1"]
[Round "01"]
[TimeControl "180+2"]
[Date "2023.02.21"]
[WhiteClock "0:00:13"]
[BlackClock "0:00:19"]

1. e4 c5 2. Nf3 d6 3. d4 cxd4 4. Nxd4 Nf6 5. Nc3 a6 6. Bc4 e6 7. Bb3 b5 8. Qe2 Be7 9. g4 b4 10. Na4 Bb7 11. f3 Nc6 12. Be3 Nd7 13. O-O-O Qa5 14. c3 Rc8 15. Kb1 O-O 16. cxb4 Qxb4 17. Nc3 Na5 18. Nc2 Bxe4 19. fxe4 Qb7 20. Nd4 Nc5 21. Bc2 Rb8 22. b3 Rfc8 23. Bc1 Bf6 24. Bb2 Qb6 25. h4 Bxd4 26. Rxd4 Ncxb3 27. Rxd6 Nd2+ 28. Kc1 Qxb2+ 29. Kd1 Qa1+ 30. Nb1 Nxb1 31. Ke1 Na3+ 32. Kf2 Qxh1 33. Bd3 Qh2+ 34. Kf3 Qxe2+ 35. Kxe2 N3c4 36. Rd7 Rb2+ 37. Kf3 Ne5+ 0-1


[Site "https://www.chess.com"]

[Event "Titled Tuesday Blitz February 21 Early 2023"]
[White "Horvath, Dominik"]
[Black "Goldin, Roman"]
[WhiteFideId "1642561"]
[BlackFideId "2803860"]
[WhiteElo "2523"]
[BlackElo "2322"]
[Result "1-0"]
[Round "01"]
[TimeControl "180+2"]
[Date "2023.02.21"]
[WhiteClock "0:00:56"]
[BlackClock "0:00:10"]

1. e4 Nc6 2. Nf3 e5 3. Bb5 a6 4. Ba4 Nf6 5. O-O Be7 6. d3 d6 7. c4 Nd7 8. Nc3 Nc5 9. Bxc6+ bxc6 10. d4 Nd7 11. Qa4 Bb7 12. dxe5 dxe5 13. Rd1 Qc8 14. Be3 O-O 15. Rd2 f6 16. b4 a5 17. bxa5 Nc5 18. Qc2 Rxa5 19. Rad1 Ba6 20. Ne2 Qe6 21. Ng3 g6 22. Bxc5 Rxc5 23. Qa4 Bxc4 24. Qa7 Bd6 25. Nh4 Rb5 26. h3 Rbb8 27. Rxd6 cxd6 28. Nhf5 gxf5 29. Nxf5 1-0


[Site "https://www.chess.com"]

[Event "Titled Tuesday Blitz February 21 Early 2023"]
[White "Sreyas Payyappat"]
[Black "Talibov, Shiroghlan"]
[WhiteFideId "46674969"]
[BlackFideId "13429078"]
[WhiteElo "2076"]
[BlackElo "2359"]
[Result "0-1"]
[Round "01"]
[TimeControl "180+2"]
[Date "2023.02.21"]
[WhiteClock "0:01:44"]
[BlackClock "0:00:59"]

1. e4 c5 2. Nf3 e6 3. d4 cxd4 4. Nxd4 a6 5. Be3 b5 6. Bd3 Bb7 7. O-O Qc7 8. Nd2 Nf6 9. c4 b4 10. c5 Nc6 11. Rc1 Be7 12. Nxc6 Bxc6 13. Nc4 Nxe4 14. Bxe4 Bxe4 15. Nd6+ Bxd6 16. cxd6 Qd8 17. Qd4 f5 18. Qxg7 Rf8 19. Bh6 Qf6 20. Qxf8+ Qxf8 21. Rc7 Qxh6 0-1


[Site "https://www.chess.com"]

[Event "Titled Tuesday Blitz February 21 Early 2023"]
[White "Costachi, Mihnea"]
[Black "Valle Maytin, Luis Enrique"]
[WhiteFideId "1217518"]
[BlackFideId "3503666"]
[WhiteElo "2476"]
[BlackElo "2241"]
[Result "1-0"]
[Round "01"]
[TimeControl "180+2"]
[Date "2023.02.21"]
[WhiteClock "0:01:43"]
[BlackClock "0:00:02"]

1. Nc3 d5 2. d4 c6 3. Bf4 Nf6 4. e3 g6 5. Nf3 Bg7 6. h3 O-O 7. Be2 Re8 8. O-O Nbd7 9. Bh2 b6 10. a4 Bb7 11. a5 c5 12. a6 Bc6 13. Nb5 Rf8 14. c4 dxc4 15. Bxc4 Ne4 16. Qc2 Kh8 17. Nc7 Rc8 18. d5 Rxc7 19. dxc6 Rxc6 20. Qxe4 Rf6 21. Rfd1 Qc8 22. Rd2 Re8 23. Rad1 Nf8 24. Bb5 Ne6 25. Bxe8 Qxe8 26. Qxe6 fxe6 27. Rd8 Rf8 28. Rxe8 Rxe8 29. Rd7 Bxb2 30. Rxa7 b5 31. Rb7 Ra8 32. Rb8+ Rxb8 33. Bxb8 c4 34. a7 c3 35. a8=Q c2 36. Be5# 1-0


[Site "https://www.chess.com"]

[Event "Titled Tuesday Blitz February 21 Early 2023"]
[White "Iljin, Timofey"]
[Black "Matinian, Nikita"]
[WhiteFideId "14110180"]
[BlackFideId "24129100"]
[WhiteElo "2329"]
[BlackElo "2407"]
[Result "0-1"]
[Round "01"]
[TimeControl "180+2"]
[Date "2023.02.21"]
[WhiteClock "0:00:08"]
[BlackClock "0:00:28"]

1. e4 e5 2. Nf3 Nc6 3. Bc4 Be7 4. d4 d6 5. O-O Nf6 6. Nc3 O-O 7. h3 Nxe4 8. Nxe4 d5 9. Bxd5 Qxd5 10. Nc3 Qa5 11. d5 Rd8 12. Bd2 Nb4 13. Nxe5 Nxd5 14. Qf3 Be6 15. Rfe1 c6 16. a3 Qb6 17. Nc4 Qa6 18. Ne5 Bf6 19. Nxd5 Bxd5 20. Qg3 Bxg2 21. Ng4 Bxb2 22. Rab1 Qxa3 23. Qxa3 Bxa3 24. Bg5 Rd5 25. Kxg2 Rxg5 26. Kh2 Bd6+ 27. Kh1 Rb5 28. Rbd1 Rd5 29. Rb1 b5 30. c4 bxc4 31. Rb7 h5 32. Ne3 Re5 33. Rc1 Bc5 34. Nxc4 Rf5 35. Rc2 Rxf2 36. Rxf2 Bxf2 37. Ne5 a5 38. Nxc6 a4 39. Nb4 a3 40. Na2 Bd4 41. Kg2 Re8 42. Kf3 Re3+ 43. Kf4 Re2 44. Rb8+ Kh7 45. Rb2 Bxb2 46. Nb4 Bc1+ 47. Kf3 Re3+ 48. Kf2 Rxh3 49. Na2 Rh2+ 50. Kf3 Rxa2 51. Ke4 Rf2 52. Ke5 Rf6 53. Ke4 a2 54. Ke5 a1=Q+ 55. Kd5 Qc3 56. Ke4 Qf3+ 57. Ke5 Bb2# 0-1


[Site "https://www.chess.com"]

[Event "Titled Tuesday Blitz February 21 Early 2023"]
[White "Leiva, Gianmarco"]
[Black "Kielinkei"]
[WhiteFideId "3804399"]
[WhiteElo "2392"]
[BlackElo "2378"]
[Result "1-0"]
[Round "01"]
[TimeControl "180+2"]
[Date "2023.02.21"]
[WhiteClock "0:01:24"]
[BlackClock "0:00:15"]

1. e4 c5 2. Nf3 e6 3. b3 d5 4. Bb5+ Nc6 5. Nc3 Nf6 6. e5 Nd7 7. O-O Be7 8. Re1 O-O 9. Bxc6 bxc6 10. d3 f6 11. Bf4 fxe5 12. Bxe5 Nxe5 13. Nxe5 Qc7 14. Qe2 Bd6 15. g3 Rf5 16. f4 Bxe5 17. fxe5 Bd7 18. Na4 c4 19. Nc5 Raf8 20. d4 Bc8 21. Rf1 Rxf1+ 22. Rxf1 Rf2 23. Qxf2 1-0


[Site "https://www.chess.com"]

[Event "Titled Tuesday Blitz February 21 Early 2023"]
[White "Silvestre, Christian"]
[Black "Dehtiarov, Roman"]
[WhiteFideId "30956269"]
[BlackFideId "14186640"]
[WhiteElo "1942"]
[BlackElo "2289"]
[Result "0-1"]
[Round "01"]
[TimeControl "180+2"]
[Date "2023.02.21"]
[WhiteClock "0:00:01"]
[BlackClock "0:00:12"]

1. d4 Nf6 2. Bg5 Ne4 3. Bf4 d5 4. Nd2 Nf6 5. h3 e6 6. e3 Bd6 7. Bd3 O-O 8. Ngf3 c5 9. c3 Nc6 10. Ne5 h6 11. Bh2 Bxe5 12. dxe5 Nd7 13. f4 c4 14. Bc2 Qb6 15. e4 Qxb2 16. exd5 exd5 17. O-O Qxc3 18. Kh1 Nc5 19. Nf3 d4 20. Rc1 d3 21. Bb1 Qb4 22. Bg1 Ne4 23. Re1 Ng3+ 24. Kh2 Ne2 25. Rxe2 dxe2 26. Qc2 g6 27. Qxe2 c3 28. g3 Rd8 29. Qe3 Be6 30. f5 Bxf5 31. Bxf5 gxf5 32. Qxh6 Qf8 33. Qf4 Ne7 34. e6 fxe6 35. Bd4 Rxd4 36. Nxd4 Qf6 37. Nf3 Ng6 38. Qc7 f4 39. g4 Nh4 40. Rxc3 Nxf3+ 41. Rxf3 e5 42. Qxb7 Rd8 43. Rf2 Qb6 44. Qf3 Qe3 45. Qxe3 fxe3 46. Rg2 Rd2 47. Kg3 e2 0-1


[Site "https://www.chess.com"]

[Event "Titled Tuesday Blitz February 21 Early 2023"]
[White "Maatman, Nick"]
[Black "Shubenkova, Veronika"]
[WhiteFideId "1040391"]
[BlackFideId "44124040"]
[WhiteElo "2345"]
[BlackElo "1960"]
[Result "1/2-1/2"]
[Round "01"]
[TimeControl "180+2"]
[Date "2023.02.21"]
[WhiteClock "0:00:11"]
[BlackClock "0:01:17"]

1. d4 d5 2. c4 e6 3. Nf3 Nf6 4. g3 c6 5. Bg2 Bd6 6. O-O O-O 7. Nfd2 Be7 8. Nc3 Nbd7 9. e4 dxe4 10. Ndxe4 Nxe4 11. Nxe4 Nf6 12. Bf4 Nxe4 13. Bxe4 Bd7 14. Qb3 Qb6 15. Rfd1 Qxb3 16. axb3 a6 17. Kg2 Bf6 18. Be5 Rfd8 19. f4 Be7 20. c5 Rdc8 21. f5 exf5 22. Bd3 Be6 23. Bc4 Rd8 24. Ra4 Rd7 25. Re1 Rad8 26. Rb4 Bxc4 27. bxc4 Bf8 28. Kf3 f6 29. Bd6 Bxd6 30. cxd6 Rxd6 31. Rxb7 Rxd4 32. Ree7 g5 33. Rg7+ Kf8 34. Rbf7+ Ke8 35. Re7+ Kf8 36. Rgf7+ Kg8 37. Rxf6 Rd3+ 38. Re3 g4+ 39. Kf2 Rd2+ 40. Re2 Rxe2+ 41. Kxe2 Re8+ 42. Kd3 Rd8+ 43. Ke3 Re8+ 44. Kd3 Rd8+ 45. Kc3 Re8 46. Rxf5 Re2 47. Rg5+ Kf7 48. Rxg4 Rxh2 49. Rd4 Ke6 50. c5 Rg2 51. Rd6+ Ke5 52. Rxc6 Rxg3+ 53. Kb4 Rg4+ 54. Ka5 Kd5 55. Rc8 Rg2 56. b4 Ra2+ 57. Kb6 Ra4 58. Rd8+ Ke6 59. c6 Rxb4+ 60. Kc7 Rc4 61. Rd1 a5 62. Re1+ Kd5 63. Kd7 a4 64. c7 Rxc7+ 65. Kxc7 Kc4 66. Kb6 a3 67. Ka5 a2 68. Rh1 Kb3 69. Kb5 Kb2 70. Rh2+ Kb3 71. Rh3+ Kb2 72. Rh2+ Kb3 73. Rh3+ Kb2 74. Rh2+ 1/2-1/2


[Site "https://www.chess.com"]

[Event "Titled Tuesday Blitz February 21 Early 2023"]
[White "Mushini Ajay"]
[Black "Hasangatin, Ramil"]
[WhiteFideId "35066188"]
[BlackFideId "4122160"]
[WhiteElo "2310"]
[BlackElo "2457"]
[Result "1-0"]
[Round "01"]
[TimeControl "180+2"]
[Date "2023.02.21"]
[WhiteClock "0:00:10"]
[BlackClock "0:00:06"]

1. e4 d5 2. exd5 Qxd5 3. Nc3 Qd6 4. d4 Nf6 5. Nf3 c6 6. Bc4 Bg4 7. Be3 Nbd7 8. h3 Bh5 9. g4 Bg6 10. Qe2 e6 11. O-O-O Be7 12. Ne5 Nxe5 13. dxe5 Qxe5 14. f4 Qa5 15. f5 exf5 16. gxf5 Bh5 17. Qf2 Bxd1 18. Rxd1 O-O 19. Rg1 Kh8 20. Bd4 Rad8 21. Qg2 Rg8 22. Bxf7 Rxd4 23. Bxg8 Bf8 24. Bb3 Qxf5 25. a3 Qf4+ 26. Kb1 Rd2 27. Qh1 a5 28. Rf1 Qd6 29. Ne4 Nxe4 30. Qxe4 Rd1+ 31. Rxd1 Qxd1+ 32. Ka2 Qd8 33. c3 g6 34. Qe5+ Bg7 35. Qe6 Qf8 36. h4 Bf6 37. Qd7 Qb8 38. h5 gxh5 39. Bc2 Qg8+ 40. Bb3 Qb8 41. Bc2 Bg7 42. Qf5 Qg8+ 43. Bb3 Qf8 44. Qxh5 b5 45. a4 bxa4 46. Bxa4 Qg8+ 47. Bb3 Qa8 48. Bc2 Qg8+ 49. Bb3 Qf8 50. Bc2 h6 51. Qg6 Qg8+ 52. Bb3 Qf8 53. Qxc6 a4 54. Qxa4 Bf6 55. Qc4 h5 56. Qf7 Qxf7 57. Bxf7 h4 58. Be6 Kg7 59. Bh3 Kf8 60. b4 Ke7 61. Kb3 Kd6 62. c4 Kc7 63. c5 Bd4 64. Kc4 Bf2 65. b5 Bg1 66. b6+ Kc6 67. Bg2+ Kd7 68. Kb5 Bh2 69. Bh3+ Kd8 70. Kc6 Bg1 71. Kd6 Bf2 72. Kd5 Bg1 73. Kc6 Bf2 74. Kb5 Be3 75. c6 Bf4 76. Ka6 Bg3 77. Kb7 Bf4 78. c7+ 1-0


[Site "https://www.chess.com"]

[Event "Titled Tuesday Blitz February 21 Early 2023"]
[White "Korchmar, Vasiliy"]
[Black "Sarkar, Justin"]
[WhiteFideId "24131750"]
[BlackFideId "2010011"]
[WhiteElo "2438"]
[BlackElo "2309"]
[Result "1-0"]
[Round "01"]
[TimeControl "180+2"]
[Date "2023.02.21"]
[WhiteClock "0:01:52"]
[BlackClock "0:00:02"]

1. e4 e5 2. Nf3 Nc6 3. Bc4 Nf6 4. d3 Bc5 5. c3 d6 6. Bg5 h6 7. Bh4 Bg4 8. Nbd2 g5 9. Bg3 a6 10. O-O Qe7 11. Re1 Nh5 12. Nf1 Nf4 13. Ne3 h5 14. Nxg4 hxg4 15. Nd2 Qd7 16. Nf1 O-O-O 17. Ne3 1-0


[Site "https://www.chess.com"]

[Event "Titled Tuesday Blitz February 21 Early 2023"]
[White "Avalos Parra, Joao"]
[Black "Liyanage, Ranindu Dilshan"]
[WhiteFideId "3402541"]
[BlackFideId "9915834"]
[WhiteElo "2185"]
[BlackElo "2342"]
[Result "0-1"]
[Round "01"]
[TimeControl "180+2"]
[Date "2023.02.21"]
[WhiteClock "0:00:03"]
[BlackClock "0:00:50"]

1. d4 Nf6 2. c4 e6 3. Nc3 Bb4 4. e3 O-O 5. Ne2 c6 6. a3 Ba5 7. g3 d5 8. b4 Bc7 9. cxd5 exd5 10. Bg2 Re8 11. O-O Nbd7 12. Bb2 Nb6 13. Rc1 Nc4 14. Qc2 b5 15. Rfd1 Qe7 16. Nb1 Bd7 17. Nd2 Nxe3 18. fxe3 Qxe3+ 19. Kh1 Ng4 20. Rf1 Qxe2 21. Nb3 Qxc2 22. Rxc2 Ne3 23. Rcf2 Nxf1 24. Bxf1 a5 25. bxa5 Bxa5 26. Nxa5 Rxa5 27. Kg2 Ra4 28. Bd3 g6 29. Rd2 Rb8 30. Be2 b4 31. axb4 Rbxb4 32. Kf2 Ra2 33. Bc1 Rxd2 34. Bxd2 Rb2 35. Ke3 Bf5 36. Bf3 Be4 37. Bg4 h5 38. Bd7 Rc2 39. h4 f6 40. Bb4 g5 41. hxg5 fxg5 42. Be7 g4 43. Kf4 Kf7 44. Bd6 Rd2 45. Be5 Rc2 46. Kg5 c5 47. dxc5 Rxc5 48. Bf4 d4+ 49. Kh4 d3 0-1


[Site "https://www.chess.com"]

[Event "Titled Tuesday Blitz February 21 Early 2023"]
[White "Golubka, Petro"]
[Black "Fernandez Garcia, Gumersindo"]
[WhiteFideId "14114224"]
[BlackFideId "24516740"]
[WhiteElo "2371"]
[BlackElo "2160"]
[Result "1-0"]
[Round "01"]
[TimeControl "180+2"]
[Date "2023.02.21"]
[WhiteClock "0:01:08"]
[BlackClock "0:00:20"]

1. e4 c5 2. b4 cxb4 3. a3 bxa3 4. Bxa3 g6 5. d4 Bg7 6. c3 d6 7. Bd3 Nf6 8. Nd2 O-O 9. Ngf3 Nc6 10. h3 Bd7 11. O-O a6 12. c4 Nh5 13. Bb2 Nf4 14. Bc2 Qc8 15. Ra3 Bxh3 16. gxh3 Qxh3 17. Ne1 Qh4 18. Ng2 Nxg2 19. Kxg2 Nxd4 20. Rh3 Qf4 21. Bxd4 Bxd4 22. Nf3 Bg7 23. Qd5 Rac8 24. Bd3 Qg4+ 25. Rg3 Qd7 26. Rb1 Rc7 27. Qa5 Be5 28. Nxe5 dxe5 29. Qxe5 f6 30. Qd5+ Qxd5 31. cxd5 Kf7 32. Bf1 e6 33. dxe6+ Kxe6 34. Rb6+ Ke5 35. Rgb3 Rff7 36. Bd3 Rfd7 37. Kf3 h5 38. Ke3 g5 39. Be2 g4 40. Ra3 Rc5 41. Rab3 Rcc7 42. Rd3 Rxd3+ 43. Bxd3 h4 44. Be2 f5 45. exf5 Kxf5 46. Bd3+ Kg5 47. Rg6+ Kh5 48. Rg8 Re7+ 49. Kf4 Rf7+ 50. Bf5 g3 51. Rh8+ 1-0


[Site "https://www.chess.com"]

[Event "Titled Tuesday Blitz February 21 Early 2023"]
[White "Silva, Pedro Gil Ferreira Da"]
[Black "Darini, Pouria"]
[WhiteFideId "1946102"]
[BlackFideId "12502200"]
[WhiteElo "2227"]
[BlackElo "2401"]
[Result "1-0"]
[Round "01"]
[TimeControl "180+2"]
[Date "2023.02.21"]
[WhiteClock "0:00:59"]
[BlackClock "0:00:13"]

1. c4 c5 2. Nf3 Nc6 3. g3 Nf6 4. Bg2 d5 5. cxd5 Nxd5 6. O-O Nc7 7. Nc3 e5 8. d3 Be7 9. Be3 O-O 10. Rc1 Be6 11. a3 f6 12. Ne4 Na6 13. Nxc5 Nxc5 14. Bxc5 Rc8 15. Bxe7 Qxe7 16. Qa4 Rfd8 17. Rc3 Rd7 18. Rfc1 Rcd8 19. b4 a6 20. b5 axb5 21. Qxb5 Bd5 22. Qc5 Bxf3 23. Qxe7 Rxe7 24. Bxf3 Nd4 25. Kg2 Nxf3 26. Kxf3 Kf7 27. Rc7 Rdd7 28. Rxd7 Rxd7 29. Rb1 Ke6 30. Rb6+ Kd5 31. Ke3 Kc5 32. Rb3 b5 33. Rc3+ Kb6 34. f4 Re7 35. Kf3 exf4 36. gxf4 Ka5 37. e4 Rd7 38. Ke3 Ka4 39. d4 b4 40. axb4 Kxb4 41. Rc8 Kb5 42. d5 Ra7 43. e5 fxe5 44. fxe5 Ra1 45. e6 Re1+ 46. Kd4 Kb6 47. Rc3 Kb7 48. Re3 Rxe3 49. Kxe3 Kc7 50. e7 Kd7 51. d6 Ke8 52. Ke4 Kd7 53. Ke5 h5 54. h4 g6 55. Kf6 Kxd6 56. e8=Q 1-0


[Site "https://www.chess.com"]

[Event "Titled Tuesday Blitz February 21 Early 2023"]
[White "Basso, Pier Luigi"]
[Black "Zeydan, Salih"]
[WhiteFideId "866970"]
[BlackFideId "6361722"]
[WhiteElo "2506"]
[BlackElo "2060"]
[Result "1-0"]
[Round "01"]
[TimeControl "180+2"]
[Date "2023.02.21"]
[WhiteClock "0:01:49"]
[BlackClock "0:00:36"]

1. d4 Nf6 2. c4 e6 3. Nf3 d5 4. Nc3 Be7 5. Bf4 O-O 6. e3 c5 7. dxc5 dxc4 8. Qc2 Nd5 9. Rd1 Nb4 10. Qb1 Nd3+ 11. Bxd3 cxd3 12. Rxd3 Nd7 13. Bd6 Bxd6 14. cxd6 Nc5 15. Rd2 b6 16. O-O Bb7 17. e4 e5 18. Nxe5 Re8 19. f4 f6 20. b4 Nxe4 21. Nxe4 fxe5 22. f5 Qh4 23. d7 Red8 24. Qb3+ Kh8 25. Nd6 Rxd7 26. Nf7+ Rxf7 27. Qxf7 Qg5 28. Qxb7 1-0


[Site "https://www.chess.com"]

[Event "Titled Tuesday Blitz February 21 Early 2023"]
[White "Lerch, Philipp"]
[Black "Cherniaiev, Tykhon"]
[WhiteFideId "4654129"]
[BlackFideId "14182360"]
[WhiteElo "2305"]
[BlackElo "2330"]
[Result "1/2-1/2"]
[Round "01"]
[TimeControl "180+2"]
[Date "2023.02.21"]
[WhiteClock "0:00:15"]
[BlackClock "0:00:08"]

1. b3 e5 2. Bb2 Nc6 3. e3 Nf6 4. Bb5 Bd6 5. Na3 O-O 6. Nc4 Qe7 7. Nxd6 Qxd6 8. h3 a6 9. Bxc6 dxc6 10. Ne2 Bf5 11. d4 exd4 12. Nxd4 Bg6 13. O-O Rad8 14. Qe2 Rfe8 15. Rad1 Qc5 16. c4 Ne4 17. Nf3 Qa5 18. Rxd8 Rxd8 19. Rd1 Re8 20. a3 h6 21. Nh4 Qg5 22. Nxg6 Qxg6 23. Qg4 Qxg4 24. hxg4 Nc5 25. b4 Ne6 26. f3 c5 27. e4 cxb4 28. axb4 c5 29. b5 axb5 30. cxb5 b6 31. Rd6 Rb8 32. Be5 Rb7 33. Rc6 Kf8 34. f4 Ke7 35. f5 Nd8 36. Rc7+ Rxc7 37. Bxc7 Nb7 38. Bxb6 Kd6 39. Kf2 f6 40. Ke3 Kd7 41. Kd3 Nd6 42. Bxc5 Nf7 43. Bf8 Ne5+ 44. Ke2 Nxg4 45. Bxg7 Kd6 46. Bf8+ Kc7 47. Be7 Kb6 48. Kf3 h5 49. Kf4 Kxb5 50. Bxf6 Nxf6 51. e5 Nd5+ 52. Kg5 Kc6 53. f6 Kd7 54. Kg6 Ke6 55. f7 Ne7+ 56. Kg7 Nf5+ 57. Kg6 Ne7+ 58. Kg7 Nf5+ 59. Kg6 Ne7+ 1/2-1/2


[Site "https://www.chess.com"]

[Event "Titled Tuesday Blitz February 21 Early 2023"]
[White "Csonka, Balazs"]
[Black "Miszler, Levente"]
[WhiteFideId "742910"]
[BlackFideId "763276"]
[WhiteElo "2496"]
[BlackElo "2271"]
[Result "0-1"]
[Round "01"]
[TimeControl "180+2"]
[Date "2023.02.21"]
[WhiteClock "0:00:03"]
[BlackClock "0:00:04"]

1. Nf3 Nf6 2. c4 c5 3. Nc3 Nc6 4. e3 d5 5. cxd5 Nxd5 6. Bb5 Nb4 7. d4 cxd4 8. exd4 a6 9. Ba4 Bg4 10. h3 Bh5 11. a3 Nd5 12. g4 Nxc3 13. bxc3 Bg6 14. Qe2 e6 15. h4 Qd5 16. O-O b5 17. c4 Qe4 18. Qxe4 Bxe4 19. Ng5 Bd3 20. Rd1 Bxc4 21. Bc2 h6 22. Nf3 O-O-O 23. Be4 Bd5 24. Bxd5 Rxd5 25. Bb2 Be7 26. Rac1 Kb7 27. Rc2 Rhd8 28. Rdc1 R5d6 29. Ne5 Nxe5 30. Rc7+ Kb6 31. dxe5 R6d7 32. R1c6+ Ka5 33. Bc3+ Ka4 34. Rxa6+ Kb3 35. Rxd7 Rxd7 36. Ba5 Bxa3 37. Kg2 b4 38. Rb6 Ka4 39. Ra6 Kb5 40. Ra8 Rb7 41. Bd8 b3 42. Rxa3 Kb4 43. Ra5 b2 44. Ra8 b1=Q 45. Be7+ Kb3 46. Bd6 Qe4+ 47. Kg3 Qd3+ 48. Kg2 Qd5+ 49. Kg3 Kc4 50. Ra3 Rb3+ 51. Rxb3 Kxb3 52. Kf4 Kc4 53. f3 Qd4+ 54. Kg3 Qe3 0-1


[Site "https://www.chess.com"]

[Event "Titled Tuesday Blitz February 21 Early 2023"]
[White "Chos, Alexey"]
[Black "Papasimakopoulos, Alexandros"]
[WhiteFideId "14117762"]
[BlackFideId "4244125"]
[WhiteElo "2296"]
[BlackElo "2401"]
[Result "0-1"]
[Round "01"]
[TimeControl "180+2"]
[Date "2023.02.21"]
[WhiteClock "0:00:03"]
[BlackClock "0:00:09"]

1. c4 e6 2. g3 d5 3. Bg2 Nf6 4. Nf3 Be7 5. O-O O-O 6. d4 Ne4 7. Nc3 Nxc3 8. bxc3 c6 9. Nd2 Nd7 10. e4 dxe4 11. Nxe4 Nf6 12. Nd2 Qa5 13. Bb2 e5 14. Nb3 Qc7 15. d5 c5 16. Rb1 Bf5 17. Rc1 Bd6 18. Qe2 Rfe8 19. h3 b6 20. Nd2 e4 21. Qe3 Bg6 22. Rfe1 Qd7 23. Nf1 Qa4 24. Qe2 a6 25. Ne3 b5 26. h4 Be5 27. g4 h6 28. a3 Rab8 29. Rcd1 Rbd8 30. Bf1 bxc4 31. Nxc4 Bf4 32. d6 e3 33. Qf3 exf2+ 34. Qxf2 Rxe1 35. Qxe1 Bc2 36. Rd2 Bxd2 37. Qxd2 Bb3 38. Ne5 Nxg4 39. c4 Nxe5 40. Bxe5 Qd7 41. Qg2 f6 42. Bxf6 Re8 43. Be7 Rxe7 44. dxe7 Qxe7 45. Qd5+ Qf7 46. Qxc5 Qg6+ 47. Kh2 Qf6 48. Qc8+ Qf8 49. Qe6+ Kh8 50. Bd3 a5 51. Qe3 Ba4 52. Qg3 Bd7 53. Qe3 Be8 54. c5 Bg6 55. Bxg6 Qb8+ 56. Qg3 Qb2+ 57. Kh3 Qb7 58. Qf2 Qc8+ 59. Kh2 Qc7+ 60. Kg1 Qd8 61. c6 Qd1+ 62. Kh2 Qd6+ 63. Qg3 Qxc6 64. Bd3 Qe8 65. Qf4 Qd8 66. Qe4 Kg8 67. Qh7+ Kf8 68. Qf5+ Ke7 69. Qe5+ Kf8 70. Qf5+ Ke7 71. Bc4 Qd2+ 72. Kg1 Qc1+ 73. Bf1 Qe3+ 74. Qf2 Qxa3 75. Qe2+ Kf6 76. Bg2 Kf5 77. Qe4+ Kf6 78. h5 Qc5+ 79. Kh2 Qxh5+ 80. Kg3 Qe5+ 81. Qxe5+ Kxe5 82. Bc6 Kd4 83. Be8 Kc4 84. Kg4 Kb4 85. Kh5 a4 86. Kg6 a3 87. Bf7 Kc3 88. Kxg7 h5 89. Bd5 h4 90. Kg6 h3 91. Kg5 h2 92. Kg4 a2 0-1


[Site "https://www.chess.com"]

[Event "Titled Tuesday Blitz February 21 Early 2023"]
[White "Begunov, Konstantin"]
[Black "Lizak, Peter"]
[WhiteFideId "4118510"]
[BlackFideId "731595"]
[WhiteElo "2325"]
[BlackElo "2411"]
[Result "0-1"]
[Round "01"]
[TimeControl "180+2"]
[Date "2023.02.21"]
[WhiteClock "0:00:09"]
[BlackClock "0:00:10"]

1. d4 Nf6 2. c4 c5 3. Nf3 cxd4 4. Nxd4 e5 5. Nb5 d5 6. cxd5 Bc5 7. d6 O-O 8. Nc7 Ne4 9. e3 Qh4 10. Qc2 Nc6 11. a3 Bf5 12. Bd3 Rac8 13. Bxe4 Bxe4 14. Qxc5 Bxg2 15. Rg1 Qxh2 16. Rxg2 Qxg2 17. Nc3 Rfd8 18. N3d5 Rd7 19. b4 h5 20. Bb2 h4 21. b5 h3 22. bxc6 h2 23. Ke2 Qg4+ 24. Kd2 bxc6 25. Qxc6 Rcd8 26. Nb5 Qg1 27. Ndc3 Qxf2+ 28. Ne2 Qf6 29. Qd5 Rxd6 30. Nxd6 Rxd6 31. e4 Rxd5+ 32. exd5 Qg5+ 33. Kc2 Qf5+ 34. Kb3 Qf3+ 35. Nc3 h1=Q 36. Rxh1 Qxh1 37. d6 Qb7+ 38. Kc4 Qc6+ 39. Kb3 Qxd6 40. Na4 Qd5+ 41. Kc2 Qc4+ 42. Nc3 e4 43. Kd2 Qd3+ 44. Ke1 e3 45. Ne2 Qd2+ 46. Kf1 Qd1+ 0-1


[Site "https://www.chess.com"]

[Event "Titled Tuesday Blitz February 21 Early 2023"]
[White "Starozhilov, Leonid"]
[Black "Urquhart, Ed"]
[WhiteFideId "14106752"]
[BlackFideId "2603748"]
[WhiteElo "2313"]
[BlackElo "2209"]
[Result "1-0"]
[Round "01"]
[TimeControl "180+2"]
[Date "2023.02.21"]
[WhiteClock "0:00:58"]
[BlackClock "0:00:12"]

1. e4 c5 2. Nf3 e6 3. d4 cxd4 4. Nxd4 Nc6 5. Nc3 Qc7 6. Be3 a6 7. a3 Nf6 8. Be2 Be7 9. O-O d6 10. f4 O-O 11. Qe1 Bd7 12. Rd1 b5 13. Qg3 Kh8 14. Kh1 Rac8 15. Bd3 Na5 16. e5 Nh5 17. Qh3 g6 18. exd6 Bxd6 19. Qh4 Nc4 20. Bxc4 bxc4 21. Nf3 Bc6 22. Ng5 Kg8 23. Kg1 Bb7 24. Nce4 Be7 25. Qh3 h6 26. Nxe6 fxe6 27. Qxe6+ Rf7 28. Rd7 Qc6 29. Rxe7 Qxe6 30. Rxe6 Kg7 31. Nd6 1-0


[Site "https://www.chess.com"]

[Event "Titled Tuesday Blitz February 21 Early 2023"]
[White "Pourkashiyan, Atousa"]
[Black "Iskusnyh, Sergei"]
[WhiteFideId "12502014"]
[BlackFideId "4120027"]
[WhiteElo "2282"]
[BlackElo "2440"]
[Result "0-1"]
[Round "01"]
[TimeControl "180+2"]
[Date "2023.02.21"]
[WhiteClock "0:00:02"]
[BlackClock "0:00:14"]

1. e4 e6 2. d4 d5 3. Nd2 c5 4. exd5 exd5 5. Ngf3 Nc6 6. Bb5 cxd4 7. O-O Bd6 8. Nb3 Ne7 9. Nbxd4 O-O 10. h3 Nxd4 11. Nxd4 Bc7 12. Bd3 Qd6 13. g3 Bb6 14. c3 Bxd4 15. cxd4 Bf5 16. Bf4 Qg6 17. Bxf5 Nxf5 18. Rc1 Rac8 19. Qd3 h6 20. Rfe1 a6 21. a3 Rfe8 22. Rxe8+ Rxe8 23. Rc7 Re1+ 24. Kh2 Qe6 25. Rxb7 Re2 26. Kg2 Re4 27. Rb8+ Kh7 28. Be5 f6 29. g4 fxe5 30. gxf5 Qxf5 31. Qf3 Rf4 32. Qxd5 Qg6+ 33. Kf1 Rxd4 34. Qf3 Rf4 35. Qd1 Qf5 36. Qe1 Qxh3+ 37. Ke2 Re4+ 38. Kd2 Rxe1 39. Kxe1 Qh1+ 40. Ke2 Qe4+ 41. Kf1 Qd3+ 42. Kg1 e4 43. Rb4 e3 44. fxe3 Qxe3+ 45. Kf1 a5 46. Rg4 Qc1+ 47. Kf2 Qxb2+ 48. Kg3 Qxa3+ 49. Kh4 g5+ 50. Kh5 Qh3+ 0-1


[Site "https://www.chess.com"]

[Event "Titled Tuesday Blitz February 21 Early 2023"]
[White "Alex_Sahakyan2006"]
[Black "Avazkhonov, Alikhon"]
[BlackFideId "14208504"]
[WhiteElo "2664"]
[BlackElo "1538"]
[Result "1-0"]
[Round "01"]
[TimeControl "180+2"]
[Date "2023.02.21"]
[WhiteClock "0:00:16"]
[BlackClock "0:00:01"]

1. e4 c5 2. Nc3 d6 3. Nf3 Nf6 4. e5 dxe5 5. Nxe5 a6 6. a4 Qc7 7. d4 e6 8. Be2 cxd4 9. Qxd4 Bc5 10. Qf4 Bd6 11. O-O Bxe5 12. Qh4 Nc6 13. Bd3 Bd7 14. Be3 O-O 15. Bg5 Rfc8 16. Rae1 h6 17. Bxh6 gxh6 18. Qxh6 Bxh2+ 19. Kh1 Qf4 20. Qh3 e5 21. Qxh2 Qxh2+ 22. Kxh2 Nb4 23. Be4 Nxe4 24. Rxe4 Nxc2 25. Rd1 Be6 26. Rxe5 Rc4 27. f3 Nb4 28. Kg3 Kg7 29. Ne4 Nc6 30. Rg5+ Kf8 31. Nc5 Rb4 32. Nxe6+ fxe6 33. Rd7 Ne7 34. Rh5 Ke8 35. Rd2 Rc8 36. Rh7 Kf8 37. Rd7 Ng8 38. Rdf7+ Ke8 39. Rfg7 Nf6 40. Rh8+ 1-0


[Site "https://www.chess.com"]